 Dungeon Crawl Stone Soup version 0.30.1-4-g462c640d31 (webtiles) character file.

Game seed: 16372266973178190730

25 CaulkEyed the Trooper (level 2, 0/27 HPs)
             Began as a Draconian Berserker on Sept 13, 2023.
             Was a Follower of Trog.
             Slain by a quokka (3 damage)
             ... on level 1 of the Dungeon.
             The game lasted 00:04:30 (628 turns).

CaulkEyed the Trooper (Draconian Berserker)          Turns: 628, Time: 00:04:31

Health: 0/27       AC:  4    Str: 19    XL:     2   Next: 82%
Magic:  2/2        EV: 12    Int:  7    God:    Trog [*.....]
Gold:   3          SH:  0    Dex: 10    Spells: 1/1 levels left

rFire   . . .        a - +0 spear
rCold   . . .        (no shield)
rNeg    . . .        (body armour unavailable)
rPois   .            (helmet restricted)
rElec   .            (no cloak)
rCorr   .            (no gloves)
SInv    .            (no boots)
Will    .....        (no amulet)
Stlth   +            (no ring)
HPRegen 0.24/turn    (no ring)
MPRegen 0.08/turn

%: no passive effects
@: no status effects
A: AC +4, unfitting armour, cold-blooded
a: Renounce Religion, Berserk


You were on level 1 of the Dungeon.
You worshipped Trog.
Trog was aware of your devotion.
You visited 1 branch of the dungeon, and saw 1 of its levels.

You collected 3 gold pieces.

Inventory:

Hand Weapons
 a - a +0 spear (weapon)
Missiles
 b - 5 poisoned darts (quivered)
 f - 15 stones
Scrolls
 d - a scroll of torment {unknown}
 e - a scroll of identify {unknown}
 g - a scroll of teleportation {unknown}
Potions
 c - a potion of lignification {unknown}
 h - a potion of resistance {unknown}


   Skills:
 + Level 3.7 Fighting
 + Level 3.4 Polearms
 + Level 3.0 Dodging


You had one spell level left.
You didn't know any spells.
Your spell library was empty.

Dungeon Overview and Level Annotations

Branches:
Dungeon (1/15)

Altars:


Innate Abilities, Weirdness & Mutations

Your plain brown scales are hard. (AC +4)
You cannot fit into any form of body armour.
You are cold-blooded and may be slowed by cold attacks.


Message History

The quokka is moderately wounded.
The quokka bites you.
* * * LOW HITPOINT WARNING * * *
The frilled lizard closely misses you.
Reach: a) +0 spear
Press: ? - help, Dir - move target, f/p - quokka
Aim: a quokka (moderately wounded, about 50% to evade your +0 spear)
You barely miss the quokka.
The quokka is moderately wounded.
The quokka barely misses you. The frilled lizard bites you.
* * * LOW HITPOINT WARNING * * *
Unknown command.
Reach: a) +0 spear
Press: ? - help, Dir - move target, f/p - quokka
Aim: a quokka (moderately wounded, about 50% to evade your +0 spear)
You completely miss the quokka.
The quokka is moderately wounded.
The quokka closely misses you.
The frilled lizard completely misses you.
Unknown command.
Reach: a) +0 spear
Press: ? - help, Dir - move target, f/p - quokka
Aim: a quokka (moderately wounded, about 50% to evade your +0 spear)
You barely miss the quokka.
The quokka is moderately wounded.
The quokka bites you but does no damage.
Reach: a) +0 spear
Press: ? - help, Dir - move target, f/p - quokka
Aim: a quokka (moderately wounded, about 50% to evade your +0 spear)
You hit the quokka but do no damage.
The quokka is moderately wounded.
The quokka misses you. The frilled lizard misses you. The quokka bites you.
* * * LOW HITPOINT WARNING * * *
Reach: a) +0 spear
Press: ? - help, Dir - move target, f/p - quokka
Aim: a quokka (moderately wounded, about 50% to evade your +0 spear)
You hit the quokka.
The quokka is severely wounded.
The frilled lizard barely misses you. The quokka bites you.
You die...

.8# .## #.# .# ... .##
#.# .8# ##.###### )####
### #......(##
.##8###8### #.........
..........#####...>.....
................@l......
..........#####r........
.##8###8#.# #.........
.#### ###.# #.......##
.8# #.# #.......# .##
#.# ######### .# #.# .##
... .8#


You could see a quokka and a frilled lizard.

Vanquished Creatures
  A dart slug (D:1)
  A bat (D:1)
  2 endoplasms (D:1)
  A giant cockroach (D:1)
  3 goblins (D:1)
  A hobgoblin (D:1)
  A quokka (D:1)
  3 ball pythons (D:1)
  2 frilled lizards (D:1)
  3 kobolds (D:1)
  3 rats (D:1)
21 creatures vanquished.

Notes
Turn   | Place    | Note
-------+----------+-------------------------------------------
     0 | D:1      | CaulkEyed the Draconian Berserker began the quest for the
                  | Orb.
     0 | D:1      | Reached XP level 1. HP: 19/19 MP: 1/1
   127 | D:1      | Reached XP level 2. HP: 19/26 MP: 2/2
   628 | D:1      | Slain by a quokka

Illustrated notes

Levels and vault maps discovered:
D:1:      spicycebolla_arrival_xxxplode, layout_basic, serial_corexii_hall,
          corexii_hall_statues_l, corexii_hall_statues_u,
          corexii_hall_statues_i, corexii_hall_statues_x

Skill      XL: |  1  2 |
---------------+-------+-----
Dodging        | 3 |  3.0
Fighting       | |  3.7
Polearms       | |  3.4

Action                     || total
---------------------------++-------
  Melee: Spear             ||    67
         Tailslap          ||     7
 Armour: Skin              ||    14
  Dodge: Dodged            ||    36
